 Dungeon Crawl Stone Soup version 0.31-a0-233-g139696dc86 (webtiles) character file.

Game seed: 17510255086714782890

50 qw the Shooter (level 3, 0/21 HPs)
             Began as a Gargoyle Hexslinger on July 9, 2023.
             Slain by a worm (8 damage)
             ... on level 2 of the Dungeon.
             The game lasted 00:00:30 (1077 turns).

qw the Shooter (Gargoyle Hexslinger)                Turns: 1077, Time: 00:00:30

Health: 0/21       AC:  6    Str: 11    XL:     3   Next: 79%
Magic:  4/4        EV: 11    Int: 13    God:
Gold:   56         SH:  0    Dex: 14    Spells: 3/4 levels left

rFire   . . .        Y - +1 sling
rCold   . . .        (no shield)
rNeg    + . .        d - +0 leather armour
rPois   inf          (no helmet)
rElec   +            (no cloak)
rCorr   .            (no gloves)
SInv    .            (no boots)
Will    .....        (no amulet)
Stlth   +            (no ring)
HPRegen 0.23/turn    (no ring)
MPRegen 0.09/turn

%: no passive effects
@: no status effects
A: sickness immunity, AC +3, negative energy resistance 1, electricity
resistance, torment resistance 1, petrification resistance
a: no special abilities


You were on level 2 of the Dungeon.
You visited 1 branch of the dungeon, and saw 2 of its levels.

You collected 56 gold pieces.


Innate Abilities, Weirdness & Mutations

You are immune to sickness and miasma.
Your stone body is resilient. (AC +3)
You are immune to poison.
You resist negative energy. (rN+)
You are resistant to electric shocks. (rElec)
You are resistant to unholy torment.
You are immune to petrification.


   Skills:
 - Level 2.0 Fighting
 + Level 3.6 Ranged Weapons
 - Level 1.5 Dodging
 - Level 1.0 Spellcasting
 - Level 2.6 Hexes


You had 3 spell levels left.
You knew the following spells:

 Your Spells              Type           Power      Damage    Failure   Level
a - Slow                  Hex            28%        N/A       12%         1

Your spell library contained the following spells:

 Spells                   Type           Power      Damage    Failure   Level
 Inner Flame              Hex/Fire       4%         N/A       54%         3
 Portal Projectile        Hex/Tloc       8%         N/A       54%         3
 Cause Fear               Hex            3%         N/A       77%         4

Inventory:

Hand Weapons
 Y - a +1 sling (weapon)
Armour
 d - a +0 leather armour (worn)
Jewellery
 a - an amulet of magic regeneration
Potions
 b - a potion of haste {unknown}
 e - a potion of curing {unknown}
 i - a potion of lignification {unknown}

Dungeon Overview and Level Annotations

Branches:
Dungeon (2/15)

Altars:


Message History

The sling bullet barely misses the worm.
You shoot a sling bullet. The sling bullet hits the worm.
The worm is lightly wounded.
The worm closely misses you.
You shoot a sling bullet. The sling bullet hits the worm.
The worm is moderately wounded.
You shoot a sling bullet. The sling bullet hits the worm.
The worm is moderately wounded.
The worm closely misses you.
You shoot a sling bullet.
The sling bullet hits the worm but does no damage.
The worm is moderately wounded.
The worm bites you!
You shoot a sling bullet. The sling bullet hits the worm.
The worm is moderately wounded.
The worm bites you.
You shoot a sling bullet. The sling bullet hits the worm.
The worm is moderately wounded.
You shoot a sling bullet. The sling bullet hits the worm.
The worm is severely wounded.
The worm bites you.
You shoot a sling bullet. The sling bullet hits the worm.
The worm is severely wounded.
The worm bites you.
1073 ||| DRINKING potion of heal wounds.
You feel much better.
You shoot a sling bullet. The sling bullet hits the worm.
The worm is severely wounded.
The worm bites you!
You shoot a sling bullet. The sling bullet hits the worm.
The worm is almost dead.
The worm bites you.
You shoot a sling bullet.
The sling bullet completely misses the worm.
The worm closely misses you.
You shoot a sling bullet.
The sling bullet hits the worm but does no damage.
The worm is almost dead.
The worm bites you!
You die...

#.#....###.###.....#
#.#............#.#.#
#.#....###.###.....########
#.##.#.# #.##..#.#.........
#.##.#.# #.#........#######
#......# #.^........#
#....### #####.######
#.#### #.# #.# #@# #.######
#w# #......# ... #..#.#.#
..... ###......# ......<
.....#.#.###.........
###........+.........+
....#...####......:..#
##..##.##


You could see a worm.

Vanquished Creatures
  2 adders (D:2)
  A dart slug (D:1)
  2 ball pythons (D:1)
  An endoplasm (D:1)
  4 goblins
  6 hobgoblins
  2 jackals (D:1)
  A quokka (D:1)
  A frilled lizard (D:1)
  3 kobolds (D:1)
  6 rats
29 creatures vanquished.

Notes
Turn   | Place    | Note
-------+----------+-------------------------------------------
     0 | D:1      | qw the Gargoyle Hexslinger began the quest for the Orb.
     0 | D:1      | Reached XP level 1. HP: 12/12 MP: 2/2
     0 | D:1      | 0 ||| qw: Version: 0.3-a-51-g015441d
     0 | D:1      | 0 ||| qw: Game counter: 3970
     0 | D:1      | 0 ||| qw: Melee chars always use a shield: true
     0 | D:1      | 0 ||| qw: God list: Okawaru
     0 | D:1      | 0 ||| qw: Allow faded altars: false
     0 | D:1      | 0 ||| qw: Do Orc after clearing Dungeon:15 true
     0 | D:1      | 0 ||| qw: Do second Lair branch before Depths: true
     0 | D:1      | 0 ||| qw: Lair rune preference: random
     0 | D:1      | 0 ||| qw: Goals: Normal
     0 | D:1      | 0 ||| PLANNING D:1-11
   125 | D:1      | Reached XP level 2. HP: 16/16 MP: 3/3
   171 | D:1      | Noticed an eye of devastation
   178 | D:1      | Found a faded altar of an unknown god.
   178 | D:1      | Noticed a great orb of eyes
   182 | D:1      | Noticed a floating eye
   193 | D:1      | Noticed a shining eye
   396 | D:1      | Reached skill level 3 in Ranged Weapons
   592 | D:1      | 592 ||| FLEEEEING.
   593 | D:1      | 593 ||| FLEEEEING.
   666 | D:1      | Reached XP level 3. HP: 21/21 MP: 4/4
   749 | D:1      | 749 ||| UPGRADING to +0 leather armour.
   759 | D:1      | 759 ||| DROPPING +0 robe.
   760 | D:1      | 760 ||| READING scroll labelled JOROC UK DEUKASO.
   761 | D:1      | 761 ||| READING scroll labelled ZUIROIV POBE.
   762 | D:1      | 762 ||| READING scroll labelled LIJERU QESHA.
   763 | D:1      | 763 ||| READING scroll labelled GUEMIO XOGI.
   764 | D:1      | 764 ||| DRINKING 2 inky potions.
   765 | D:1      | 765 ||| DROPPING scroll of poison.
  1072 | D:2      | HP: 4/21 [worm (6)]
  1073 | D:2      | 1073 ||| DRINKING potion of heal wounds.
  1077 | D:2      | Slain by a worm

Levels and vault maps discovered:
D:1:      lemuel_arrival_funnel, layout_basic,
          hellmonk_ecumenical_altar_watching_god
D:2:      layout_loops_corners, serial_co_window_serial, co_window_paths_a,
          co_window_corner_a, co_window_paths_b, co_window_of_opportunity_a,
          co_window_corner_a, co_window_corner_ca, co_window_cross_2,
          co_window_corner_b, co_window_corner_ca, co_window_cross_4,
          co_window_unsneaky_path_d, co_window_4corner_a, co_window_paths_e,
          glass_columns_a, glass_columns_a, glass_columns_a, glass_columns_c,
          glass_columns_c

Skill      XL: |  1  2 |
---------------+-------+-----
Ranged Weapons | 3 |  3.6
Fighting       | 2 |  2.0
Dodging        | |  1.5
Spellcasting   | |  1.0
Hexes          | |  2.6

Action                     || total
---------------------------++-------
   Fire: Sling             ||   122
    Use: Scroll            ||     4
         Potion            ||     2
 Armour: Robe              ||     9
         Leather armour    ||     6
  Dodge: Dodged            ||    32

Table legend:
 A = Non-vault XP
 B = Vault XP
 C = Vault XP percentage of total XP
 D = Non-vault monster count
 E = Vault monster count
 F = Vault count percentage of total count
                 A         B        C        D         E       F
            +---------+---------+-------+---------+---------+-------
      Total |      72 |       0 |   0.0 |      29 |       0 |   0.0
            +---------+---------+-------+---------+---------+-------
        D:1 |      40 |       0 |   0.0 |      23 |       0 |   0.0
        D:2 |      32 |       0 |   0.0 |       6 |       0 |   0.0
            +---------+---------+-------+---------+---------+-------
